 Dungeon Crawl Stone Soup version 0.27-a0-1147-gb3d8e82157 (webtiles) character file.

Game seed: 12358110384924561145

513 DasRunzen the Ducker (level 7, 0/53 HPs)
             Began as a Demonspawn Gladiator on May 12, 2021.
             Slain by a water moccasin (7 damage)
             ... on level 5 of the Dungeon.
             The game lasted 00:07:34 (6007 turns).

DasRunzen the Ducker (Demonspawn Gladiator)         Turns: 6007, Time: 00:07:34

Health: 0/53       AC:  6    Str: 14    XL:     7   Next: 0%
Magic:  7/7        EV: 13    Int: 11    God:
Gold:   160        SH:  5    Dex: 17    Spells: 6/7 levels left

rFire    . . .     SeeInvis .   a - +0 long sword
rCold    + . .     Faith    .   (no shield)
rNeg     . . .     Spirit   .   b - +0 leather armour
rPois    .         Reflect  +   c - +0 helmet
rElec    .         Harm     .   (no cloak)
rCorr    .         Rampage  .   (no gloves)
Will     .....                  (no boots)
Stlth    +.........             g - amulet of reflection
HPRegen  0.17/turn              i - ring of protection from cold
MPRegen  0.10/turn              (no ring)

@: lethally poisoned (0 -> -2)
A: hooves 1, molten scales 1, agile 1, low mp 1
a: no special abilities


You were on level 5 of the Dungeon.
You visited 1 branch of the dungeon, and saw 5 of its levels.

You collected 160 gold pieces.

Inventory:

Hand Weapons
 a - a +0 long sword (weapon)
 f - a +0 spear
Missiles
 d - 3 throwing nets (quivered)
Armour
 b - a +0 leather armour (worn)
 c - a +0 helmet (worn)
 r - a scarf of harm
Jewellery
 g - an amulet of reflection (around neck)
 i - a ring of protection from cold (left hand)
 q - a ring of protection from cold
Scrolls
 j - 3 scrolls of blinking
 m - 2 scrolls of vulnerability {unknown}
 n - 2 scrolls of teleportation
 o - a scroll of magic mapping {unknown}
 p - a scroll of noise {unknown}
Potions
 l - a potion of resistance {unknown}


   Skills:
 + Level 3.7 Fighting
 + Level 4.0 Long Blades
 + Level 2.4 Polearms
 - Level 1.7 Throwing
 + Level 2.6 Armour
 + Level 4.0 Dodging
 + Level 0.7 Spellcasting
 + Level 0.8 Hexes


You had 6 spell levels left.
You knew the following spells:

 Your Spells              Type           Power      Damage    Failure   Level
a - Corona                Hex            2%         N/A       30%         1

Your spell library contained the following spells:

 Spells                   Type           Power      Damage    Failure   Level
 Ensorcelled Hibernation  Hex/Ice        2%         N/A       45%         2
 Confusing Touch          Hex            2%         N/A       65%         3
 Tukima's Dance           Hex            2%         N/A       65%         3
 Dazzling Flash           Conj/Hex       2%         N/A       71%         3


Dungeon Overview and Level Annotations

Branches:
Dungeon (5/15)
 Temple: D:4-7

Altars:
Uskayaw

Shops:
D:1 (

Annotations:
D:4 1 runed translucent door, PirateVox's ghost, amateur KoCj


Innate Abilities, Weirdness & Mutations

You have large cloven feet.
You are partially covered in molten scales. (AC +2)
You are agile. (Dex +2)
Your magical capacity is low. (-10% MP)


Message History

You slash the water moccasin! Your kick misses the water moccasin.
The water moccasin is heavily wounded.
You feel very sick. The water moccasin closely misses you.
You riposte.
You barely miss the water moccasin. You kick the water moccasin.
The water moccasin is heavily wounded.
You block the quokka's attack. The water moccasin bites you.
You are too injured to fight recklessly!
You hit the quokka.
You kill the quokka!
You feel sick. The water moccasin barely misses you.
The water moccasin bites you.
* * * LOW HITPOINT WARNING * * *
You have reached level 7!
Your demonic ancestry asserts itself...
Molten scales grow over part of your body.
You hit the water moccasin but do no damage.
You kick the water moccasin, but do no damage.
The water moccasin is heavily wounded.
You feel sick. The water moccasin bites you.
* * * LOW HITPOINT WARNING * * *
Unknown command.
You hit the water moccasin but do no damage.
Your kick misses the water moccasin.
The water moccasin is heavily wounded.
You feel sick. You block the water moccasin's attack.
The water moccasin misses you.
Unknown command.
You hit the water moccasin.
The water moccasin is heavily wounded.
You feel sick.
The water moccasin bites you but does no damage.
The water moccasin barely misses you.
You riposte.
You slash the water moccasin!
You kick the water moccasin, but do no damage.
The water moccasin is almost dead.
You closely miss the water moccasin. Your kick misses the water moccasin.
The water moccasin is almost dead.
You feel sick. The water moccasin bites you!
You die...

#.### #. .#
#.... #.##.#
#####
.####..#.# #
.......#.# #
.........# #
....$....# #
.........# #
......S@.##
#
.......#..#
#
.......#..##
#
.......#...#
#
.......##..#
# #######
#..# # #..#
# #.># #
##.# #


You could see a water moccasin.

Vanquished Creatures
  2 black bears
  A scorpion (D:5)
  An orc priest (D:3)
  Natasha (thrice) (D:2)
  A gnoll (D:1)
  8 adders
  4 worms
  2 dart slugs
  8 orcs (D:3)
  5 ball pythons
  4 endoplasms
  3 giant cockroaches
  4 goblins
  8 hobgoblins
  3 kobolds
  3 quokkas
  7 bats
  3 frilled lizards
  4 rats
74 creatures vanquished.

Vanquished Creatures (others)
  3 plants (D:1)
3 creatures vanquished.

Grand Total: 77 creatures vanquished

Notes
Turn   | Place    | Note
-------+----------+-------------------------------------------
     0 | D:1      | DasRunzen the Demonspawn Gladiator began the quest for the
                  | Orb.
     0 | D:1      | Reached XP level 1. HP: 16/16 MP: 1/1
    42 | D:1      | Found Ekeunlan's Antique Weapon Shoppe.
   388 | D:1      | Gained mutation: You have large cloven feet. [demonic
                  | ancestry]
   388 | D:1      | Reached XP level 2. HP: 20/22 MP: 2/2
  1024 | D:1      | Reached skill level 1 in Armour
  1114 | D:1      | Reached XP level 3. HP: 25/28 MP: 3/3
  1472 | D:2      | Noticed Natasha
  1486 | D:2      | Killed Natasha
  1579 | D:2      | Reached XP level 4. HP: 26/34 MP: 4/4
  1799 | D:2      | Reached skill level 1 in Polearms
  2051 | D:2      | Noticed Natasha
  2058 | D:2      | Killed Natasha
  2124 | D:2      | Noticed Natasha
  2132 | D:2      | Killed Natasha
  2133 | D:2      | Reached XP level 5. HP: 10/40 MP: 5/5
  2366 | D:2      | Found a hide-covered altar of Uskayaw.
  2776 | D:2      | Gained mutation: Your magical capacity is low. (-10% MP)
                  | [potion of mutation]
  2776 | D:2      | Gained mutation: You are agile. (Dex +2) [potion of
                  | mutation]
  4221 | D:4      | Noticed PirateVox's ghost (amateur KoCj)
  4224 | D:4      | Found a runed translucent door.
  4411 | D:4      | Noticed a black bear
  4420 | D:4      | Killed a black bear
  4421 | D:4      | Reached XP level 6. HP: 7/47 MP: 5/5
  5058 | D:4      | Learned a level 1 spell: Corona
  5428 | D:5      | Entered Level 5 of the Dungeon
  5993 | D:5      | Noticed a water moccasin
  6004 | D:5      | Gained mutation: You are partially covered in molten
                  | scales. (AC +2) [demonic ancestry]
  6004 | D:5      | Reached XP level 7. HP: 13/53 MP: 7/7
  6007 | D:5      | Slain by a water moccasin

Illustrated notes

Levels and vault maps discovered:
D:1:      lightli_arrival_flooded_house, layout_basic, serial_shops,
          nicolae_shop_overgrown_old_shop
D:2:      layout_basic, basic_altar, minmay_misc_feat_tiny, minmay_tetromino_s4,
          uniq_natasha
D:3:      layout_loops_cross
D:4:      layout_basic, hellmonk_ghost_happy_afterlife
D:5:      layout_basic, minmay_temple_entry_statues_pillars

Skill      XL: |  1  2  3  4  5  6 |
---------------+-------------------+-----
Long Blades    | 3 4 |  4.0
Dodging        | 3 4 |  4.0
Armour         | 1 2 |  2.6
Polearms       | 1 2 |  2.4
Fighting       | 3 |  3.7
Throwing       | |  1.7
Spellcasting   | |  0.7
Hexes          | |  0.8

Action                   |  1- 3 |  4- 6 |  7- 9 || total
-------------------------+-------+-------+-------++-------
Melee: Long sword        |    71 |   163 |     4 ||   238
       Kick              |    17 |    59 |     2 ||    78
  Use: Scroll            |     1 |     8 |       ||     9
       Potion            |       |     3 |       ||     3
 Stab: Sleeping          |       |     1 |       ||     1
Armor: Leather armour    |    20 |    38 |     1 ||    59
Dodge: Dodged            |    51 |    96 |     2 ||   149
Block: Other             |     4 |    54 |     1 ||    59
       Rpst.: Long sword |    12 |    34 |     1 ||    47

Table legend: (Time is in decaauts)
 A = Elapsed time spent in this place.
 B = Non-inter-level travel time spent in this place.
 C = Inter-level travel time spent in this place.
 D = Time resting spent in this place.
 E = Time spent auto-exploring this place.
 F = Levels seen in this place.
 G = Mean time per level.
                   A        B        C        D        E       F      G
               +--------+--------+--------+--------+--------+-----+--------+
         Total |   6070 |   5910 |    160 |   1336 |   3956 |   5 | 1214.0 |
       Dungeon |   6070 |   5910 |    160 |   1336 |   3956 |   5 | 1214.0 |
               +--------+--------+--------+--------+--------+-----+--------+

Top non-repeatable levels by time:
     D:2: 1507 daAuts
     D:3: 1343 daAuts
     D:1: 1340 daAuts
     D:4: 1294 daAuts
     D:5: 585 daAuts
